 Dungeon Crawl Stone Soup version 0.21.1-1-g345015f (webtiles) character file.

396 troglodite the Skirmisher (level 6, -1/48 HPs)
             Began as a Demonspawn Berserker on Mar 7, 2018.
             Was a Priest of Trog.
             Slain by a gnoll
             ... wielding a +0 whip
              (2 damage)
             ... on level 3 of the Dungeon on Mar 9, 2018.
             The game lasted 00:12:34 (3681 turns).

troglodite the Skirmisher (Demonspawn Berserker)    Turns: 3681, Time: 00:12:35

Health: -1/48      AC:  9    Str: 17 (19) XL:     6   Next: 52%
Magic:  6/6        EV:  7    Int:  7 (8)  God:    Trog [***...]
Gold:   81         SH:  4    Dex: 10 (13) Spells: 5/5 levels left

rFire    . . .     SeeInvis .   v - +2 dagger (flame)
rCold    + . .     Gourm    .   l - +0 buckler
rNeg     . . .     Faith    .   t - +0 chain mail
rPois    .         Spirit   .   (no helmet)
rElec    .         Reflect  .   (no cloak)
rCorr    .         Harm     .   (no gloves)
MR       +....                  (no boots)
Stlth    ..........             (no amulet)
HPRegen  0.16/turn              p - ring of protection from magic
MPRegen  0.10/turn              (no ring)

@: berserk cooldown
A: hooves 1, cold resistance 1, demonic guardian 1
a: Berserk, Trog's Hand, Burn Spellbooks, Renounce Religion


You were on level 3 of the Dungeon.
You worshipped Trog.
Trog was most pleased with you.
You were hungry.

You visited 1 branch of the dungeon, and saw 3 of its levels.

You collected 81 gold pieces.

Inventory:

Hand Weapons
 a - a +0 falchion
 v - a +2 dagger of flaming (weapon)
Armour
 l - a +0 buckler (worn)
 t - a +0 chain mail (worn)
Jewellery
 p - a ring of protection from magic (left hand)
Scrolls
 e - 2 scrolls of immolation {unknown}
 n - 3 scrolls of remove curse {unknown}
 q - a scroll of fog {unknown}
 s - 2 scrolls of enchant armour {unknown}
 w - a scroll of identify {unknown}
 x - a scroll of blinking {unknown}
Potions
 d - 2 potions of curing
 g - 2 potions of might
 h - 2 potions of lignification
 i - a potion of degeneration
 k - a potion of haste
 m - a potion of ambrosia {unknown}
 o - a potion of flight {unknown}
 r - a potion of mutation {unknown}
 u - a potion of agility {unknown}
Comestibles
 b - 8 chunks of flesh
 c - 8 rations


   Skills:
 * Level 4.2 Fighting
 + Level 1.1(2.6) Short Blades
 + Level 3.8(3.9) Long Blades
 * Level 3.1 Armour
 * Level 3.2 Dodging
 + Level 0.2 Stealth
 * Level 1.9 Shields


You had 5 spell levels left.
You didn't know any spells.

Dungeon Overview and Level Annotations

Branches:
Dungeon (3/15)

Altars:
Ashenzari


Innate Abilities, Weirdness & Mutations

You have large cloven feet.
Your flesh is cold resistant. (rC+)
A weak demonic guardian rushes to your aid.


Message History

The gnoll shaman hits you but does no damage.
The gnoll hits you but does no damage. You block the gnoll shaman's attack.
You block the gnoll's attack.
It was a potion of resistance.
You feel protected.
The gnoll shaman calls upon its god to heal the gnoll.
The gnoll's wounds heal themselves!
The gnoll hits you with a whip.
* * * LOW HITPOINT WARNING * * *
You block the gnoll shaman's attack.
It was a potion of cancellation.
Your magical effects are unravelling.
You feel magically purged.
You feel less wooden.
Your +0 chain mail unmelds from your body.
You feel yourself speed up.
You feel yourself slow down.
You feel a little less mighty now.
Your resistance to elements expires.
The gnoll closely misses you.
The gnoll shaman calls upon its god to speed up the gnoll shaman.
The gnoll shaman seems to speed up.
The gnoll hits you with a whip.
You die...

##### g ....#
########....#
#.......)...#
.....5.g#
.....ggg#
#....gg@#
###############g#
...'....'...)).g#
..#....#...)...#
#....#.).....#
#####''''#########
................
≈≈≈≈≈....≈≈≈≈≈≈≈
≈≈≈≈≈....≈≈≈≈≈≈≈


You could see 2 gnoll shamans, 7 gnolls and a friendly iron imp.

Vanquished Creatures
  An ogre (D:3)
  A scorpion (D:2)
  The ghost of letownia2 the Magician, a weakling MfWz (D:3)
  6 gnolls (D:3)
  3 adders
  An ooze (D:1)
  4 worms
  A dart slug (D:1)
  2 leopard geckos
  3 orcs (D:3)
  2 giant cockroaches
  6 goblins
  8 hobgoblins
  12 jackals
  8 kobolds
  A quokka (D:3)
  7 bats
  2 frilled lizards
  2 rats (D:1)
71 creatures vanquished.

Vanquished Creatures (collateral kills)
  2 gnoll shamans (D:3)
  2 gnolls (D:3)
  A rat (D:3)
5 creatures vanquished.

Grand Total: 76 creatures vanquished

Notes
Turn   | Place    | Note
-------+----------+-------------------------------------------
     0 | D:1      | troglodite the Demonspawn Berserker began the quest for the Orb.
     0 | D:1      | Reached XP level 1. HP: 18/18 MP: 1/1
   628 | D:1      | Gained mutation: You have large cloven feet. [demonic ancestry]
   628 | D:1      | Reached XP level 2. HP: 14/24 MP: 2/2
  1231 | D:1      | Gained mutation: Your flesh is cold resistant. (rC+) [demonic ancestry]
  1231 | D:1      | Reached XP level 3. HP: 24/29 MP: 3/3
  1813 | D:2      | Reached ** piety under Trog
  1932 | D:2      | Noticed a scorpion
  1940 | D:2      | Killed a scorpion
  1940 | D:2      | Reached XP level 4. HP: 14/35 MP: 4/4
  2703 | D:2      | Found a shattered altar of Ashenzari.
  2705 | D:2      | Reached skill level 1 in Shields
  3091 | D:3      | Gained mutation: A weak demonic guardian rushes to your aid. [demonic ancestry]
  3091 | D:3      | Reached XP level 5. HP: 22/42 MP: 5/5
  3430 | D:3      | Found a faded altar of an unknown god.
  3476 | D:3      | Noticed letownia2's ghost (weakling MfWz)
  3489 | D:3      | Killed letownia2's ghost
  3618 | D:3      | Reached *** piety under Trog
  3618 | D:3      | Reached skill level 4 in Fighting
  3618 | D:3      | Reached XP level 6. HP: 36/48 MP: 6/6
  3662 | D:3      | Reached skill level 1 in Short Blades
  3678 | D:3      | HP: 2/72 [gnoll shaman/whip (3)]
  3681 | D:3      | Slain by a gnoll

Skill      XL: |  1  2  3  4  5  6 |
---------------+-------------------+-----
Armour         | 2 3 |  3.1
Dodging        | 2 3 |  3.2
Long Blades    | 3 |  3.8
Shields        | 1 |  1.9
Fighting       | 4 |  4.2
Short Blades   | 1 |  1.1
Stealth        | |  0.2

Action                   |  1- 3 |  4- 6 || total
-------------------------+-------+-------++-------
Melee: Falchion          |    94 |    57 ||   151
       Kick              |    17 |    41 ||    58
       Dagger            |       |    64 ||    64
Invok: Berserk           |     1 |     4 ||     5
  Use: Potion            |       |     7 ||     7
  Eat: Chunk             |     4 |     9 ||    13
Armor: Animal skin       |    21 |     4 ||    25
       Chain mail        |       |    56 ||    56
       Skin              |       |    13 ||    13
Dodge: Dodged            |    47 |    65 ||   112
Block: Buckler           |    11 |    32 ||    43
       Rpst.: Falchion   |    14 |    15 ||    29
